 Dungeon Crawl Stone Soup version 0.27-a0-909-g0721f309d1 (webtiles) character file.

Game seed: 18350011519119933985

3 EnegeticOcto the Magician (level 1, -2/15 HPs)
             Began as a Djinni Earth Elementalist on Apr 8, 2021.
             Was a Follower of Nemelex Xobeh.
             Slain by an adder (4 damage)
             ... on level 2 of the Dungeon.
             The game lasted 00:00:24 (37 turns).

EnegeticOcto the Magician (Djinni Earth Elementalist) Turns: 37, Time: 00:00:25

Health: -2/15      AC:  2    Str:  7    XL:     1   Next: 50%
Gold:   6          EV: 12    Int: 16    God:    Nemelex Xobeh [*.....] SH:  0 Dex: 13

rFire    + + .     SeeInvis .   (no weapon)
rCold    x . .     Faith    .   (no shield)
rNeg     . . .     Spirit   .   c - +0 robe
rPois    ∞         Reflect  .   (no helmet)
rElec    .         Harm     .   (no cloak)
rCorr    .         Rampage  .   (no gloves)
Will     .....                  (boots unavailable)
Stlth    ++........             (no amulet)
HPRegen  0.05/turn              (no ring)
MPRegen  0.00/turn              (no ring)

@: flying
A: fire resistance 2, cold vulnerability 1, float, innate caster, hp casting,
extra vitality 1
a: Renounce Religion, Draw Escape, Draw Destruction, Draw Summoning


You were on level 2 of the Dungeon.
You worshipped Nemelex Xobeh.
Nemelex Xobeh was aware of your devotion.
You visited 1 branch of the dungeon, and saw 2 of its levels.

You collected 6 gold pieces.

Inventory:

Missiles
 b - 27 stones
Armour
 c - a +0 robe (worn)
Scrolls
 a - a scroll of identify {@r1}


   Skills:
 - Level 2.1 Dodging
 - Level 1.5 Stealth
 + Level 2.9 Spellcasting


You couldn't memorise any spells.
You knew the following spells:

 Your Spells              Type           Power      Damage    Failure   Level
a - Sandblast             Erth           22%        2d7       6%          1
b - Stone Arrow           Conj/Erth      22%        3d8       17%         3
c - Petrify               Tmut/Erth      11%        N/A       50%         4
d - Lee's Rapid Deconstr  Erth           5%         3d7*      85%         5
p - Passwall              Tmut/Erth      9%         N/A       9%          2
Your spell library was empty.

Dungeon Overview and Level Annotations

Branches:
Dungeon (2/15)

Altars:
Nemelex Xobeh


Innate Abilities, Weirdness & Mutations

You are immune to poison.
Your flesh is very heat resistant. (rF++)
You are vulnerable to cold. (rC-)
You float through the air rather than walking.
You learn spells naturally, not from books.
Your magical power is your life essence.
You have superior vitality. (+4 HP)


Message History

Welcome, EnegeticOcto the Djinni Earth Elementalist.
Will you be the one to retrieve the fabled Orb of Zot from the depths?
Press ? for a list of commands and other information.
Found an escape hatch in the floor.
Found a staircase leading out of the dungeon.
You begin with the following spells memorised: Sandblast, Passwall, Stone Arrow, Petrify, Lee's Rapid Deconstruction.
There is an escape hatch in the floor here.
Really go through this one-way escape hatch?
You fly downwards.
The hatch slams shut behind you.
An endoplasm, a goblin and a hobgoblin come into view.
The endoplasm quivers.
The hobgoblin shouts!
Found 2 scrolls labelled GUAKUCLUCLEMI, a short sword and 6 gold pieces.
Found a faded altar of an unknown god.
You see here a +0 dagger.
Cast which spell? (? or * to list)
Aiming: Sandblast (safe; 6% risk of failure)
Press: ? - help, Shift-Dir - straight line, f - goblin
Aim: a goblin, wielding a +0 club (wandering, hasn't noticed you, 26% to evade)
You miscast Sandblast.
You are very lightly contaminated with residual magic.
Nothing appears to happen.
The goblin shouts!
The goblin hits you with a +0 club.
The endoplasm jiggles.
Casting: Sandblast (safe; 6% risk of failure)
Confirm with . or Enter, or press ? or * to list all spells.
Aiming: Sandblast (safe; 6% risk of failure)
Press: ? - help, Shift-Dir - straight line, f/p - goblin
Aim: a goblin, wielding a +0 club (26% to evade)
The blast of sand hits the goblin!
You kill the goblin!
Casting: Sandblast (safe; 6% risk of failure)
Confirm with . or Enter, or press ? or * to list all spells.
Aiming: Sandblast (safe; 6% risk of failure)
Press: ? - help, Shift-Dir - straight line, f - hobgoblin
Aim: a hobgoblin (21% to evade)
The blast of sand hits the hobgoblin.
You kill the hobgoblin!
Casting: Sandblast (safe; 6% risk of failure)
Confirm with . or Enter, or press ? or * to list all spells.
Aiming: Sandblast (safe; 6% risk of failure)
Press: ? - help, Shift-Dir - straight line, f - you That would be overly suicidal.
Okay, then.
Unknown command.
Casting: Sandblast (safe; 6% risk of failure)
Confirm with . or Enter, or press ? or * to list all spells.
Aiming: Sandblast (safe; 6% risk of failure)
Press: ? - help, Shift-Dir - straight line, f - endoplasm
Aim: an endoplasm (2% to evade)
The blast of sand hits the endoplasm.
You kill the endoplasm!
Your magical contamination has completely faded away.
a - 2 scrolls labelled GUAKUCLUCLEMI
There is a faded altar of an unknown god here.
You see here a -3 short sword.
You cannot tell which god this altar belongs to.
Convert to them anyway?
Nemelex Xobeh accepts your prayer! Nemelex Xobeh welcomes you!
You can now draw from decks of power.
Nemelex will now gift you decks of power as you gain piety.
As you read the scroll labelled GUAKUCLUCLEMI, it crumbles to dust.
It is a scroll of identify.
You don't have any unidentified items.
Nemelex Xobeh deals you some cards!
You now have 3 escape cards, 4 destruction cards and 4 summoning cards.
You now have 6 gold pieces.
You reach down and open the door.
There is an open door here.
An adder comes into view.
The adder hisses angrily.
You barely miss the adder. The adder misses you.
You hit the adder.
The adder is lightly wounded.
The adder bites you.
You hit the adder but do no damage.
The adder is lightly wounded.
The adder misses you. The adder barely misses you.
You miss the adder.
The adder is lightly wounded.
The adder bites you.
* * * LOW HITPOINT WARNING * * *
You hit the adder.
The adder is lightly wounded.
The adder bites you.
* * * LOW HITPOINT WARNING * * *
You hit the adder.
The adder is moderately wounded.
The adder bites you.
You die...
Your body disappears without a glow.

#### ######## .....
#......#
......####......###
......S@.'........+
#+########......##
#......# #......#
#......#
#......####
######).......#
.......)......+
###...........#


You could see an adder.

Vanquished Creatures
  An endoplasm (D:2)
  A hobgoblin (D:2)
  A goblin (D:2)
3 creatures vanquished.

Notes
Turn   | Place    | Note
-------+----------+-------------------------------------------
     0 | D:1      | EnegeticOcto the Djinni Earth Elementalist began the quest
                  | for the Orb.
     0 | D:1      | Reached XP level 1. HP: 15/15 MP: 0/0
     3 | D:2      | Found a faded altar of an unknown god.
    15 | D:2      | Became a worshipper of Nemelex Xobeh the Trickster
    15 | D:2      | Reached * piety under Nemelex Xobeh
    21 | D:2      | Received a gift from Nemelex Xobeh
    37 | D:2      | Slain by an adder

Illustrated notes

Levels and vault maps discovered:
D:1:      dpeg_arrival_long_road, layout_loops_ring, minmay_misc_feat_columns
D:2:      layout_basic, ebering_ecumenical_altar_rust, uniq_terence,
          uniq_sigmund, uniq_robin

Action                   || total
-------------------------++-------
Melee: Unarmed           ||     6
 Cast: Sandblast         ||     3
  Use: Scroll            ||     1
Dodge: Dodged            ||     3

Table legend: (Time is in decaauts)
 A = Elapsed time spent in this place.
 B = Non-inter-level travel time spent in this place.
 C = Inter-level travel time spent in this place.
 D = Time resting spent in this place.
 E = Time spent auto-exploring this place.
 F = Levels seen in this place.
 G = Mean time per level.
                   A        B        C        D        E       F      G
               +--------+--------+--------+--------+--------+-----+--------+
         Total |     36 |     36 |      0 |      0 |      0 |   2 |   18.0 |
       Dungeon |     36 |     36 |      0 |      0 |      0 |   2 |   18.0 |
               +--------+--------+--------+--------+--------+-----+--------+

Top non-repeatable levels by time:
     D:2: 33 daAuts
     D:1: 3 daAuts
